AoeStats
← alexriquelme602

Arabia

509767337Analyzed
2v2 RM · 6d ago on Sep 27, 2026· 53m 51s· 4 players
Game mode
Random Map
Map size
Medium (4 player)
Population
200
Speed
Normal
Resources
Standard
Victory
Conquest
Starting age
Dark Age
Ending age
Imperial Age
RankedLock teamsTeams togetherTeam positionsShared explorationLock speedFull tech treeHidden civsTurbo modeCheats
Victory
Defeat
🇺🇸 Burmese · United States
638
+13
🇹🇼 Mongols · Taiwan
552
+15
🇨🇷 Romans · Costa Rica
602
-16
🇨🇱 Tupi · Chile
513
-12
Dlaost
0:29 Loom
12:22 Feudal Age
12:33 Man-at-Arms
13:15 Double-Bit Axe
14:47 Wheelbarrow
14:41 Town Watch
18:26 Scale Mail Armor
19:17 Horse Collar
21:12 Gold Mining
22:24 Padded Archer Armor
23:10 Forging
24:03 Bloodlines
25:28 Stone Mining
27:22 Scale Barding Armor
27:10 Fletching
31:32 Castle Age
33:50 Iron Casting
33:32 Leather Archer Armor
33:56 Caravan
34:20 Hand Cart
34:06 Town Patrol
36:00 Chain Barding Armor
35:56 Fortified Wall
35:57 Masonry
35:46 Murder Holes
36:25 Heavy Plow
36:39 Bow Saw
37:57 Gold Shaft Mining
38:19 Husbandry
37:40 Light Cavalry
39:16 Bodkin Arrow
39:49 Ballistics
45:40 Imperial Age
43:38 Squires
43:00 Long Swordsman
45:09 Chain Mail Armor
47:42 Guilds
47:51 Ballistas
48:32 Architecture
48:10 Siege Engineers
50:00 Chemistry
49:36 Conscription
48:54 Heavy Scorpion
51:11 Comitatenses
50:36 Elite Skirmisher
alexriquelme602
3:07 Loom
11:36 Feudal Age
12:14 Double-Bit Axe
12:40 Champi Runner
13:59 Horse Collar
19:04 Castle Age
19:10 Champi Warrior
22:50 Wheelbarrow
22:19 Squires
24:41 Heavy Plow
25:09 Scale Mail Armor
25:12 Padded Archer Armor
24:35 Elite Skirmisher
25:32 Town Watch
27:50 Arson
28:12 Fletching
28:33 Forging
30:13 Hand Cart
30:58 Chain Mail Armor
31:19 Iron Casting
32:53 Bow Saw
33:06 Leather Archer Armor
32:47 Bodkin Arrow
34:05 Town Patrol
34:57 Caciques
35:36 Murder Holes
36:02 Ballistics
42:41 Imperial Age
peteshearer1515
9:31 Feudal Age
12:56 Horse Collar
19:04 Wheelbarrow
20:20 Gold Mining
20:21 Stone Mining
26:14 Castle Age
26:39 Man-at-Arms
33:05 Long Swordsman
34:29 Heavy Plow
36:01 Crossbowman
38:20 Hand Cart
40:07 Fletching
40:18 Padded Archer Armor
40:18 Scale Mail Armor
40:28 Forging
40:24 Scale Barding Armor
42:05 Squires
42:07 Pikeman
49:24 Imperial Age
47:09 Caravan
48:14 Manipur Cavalry
49:38 Heavy Scorpion
52:06 Cavalier
52:47 Husbandry
52:58 Bloodlines
2100
7:49 Loom
12:48 Feudal Age
13:44 Horse Collar
13:52 Double-Bit Axe
19:08 Stone Mining
19:12 Gold Mining
21:55 Castle Age
22:42 Heavy Plow
22:57 Bow Saw
23:45 Forging
23:36 Scale Mail Armor
23:36 Padded Archer Armor
23:26 Fletching
23:42 Scale Barding Armor
25:47 Bloodlines
25:37 Husbandry
27:59 Wheelbarrow
29:59 Gold Shaft Mining
34:03 Iron Casting
33:23 Bodkin Arrow
33:49 Chain Barding Armor
34:00 Fortified Wall
34:01 Masonry
36:39 Hand Cart
39:16 Ballistics
39:05 Thumb Ring
44:14 Imperial Age
43:31 Leather Archer Armor
45:27 Conscription
44:40 Elite Steppe Lancer
46:12 Elite Mangudai
51:22 Hoardings
52:16 Blast Furnace
51:17 Bracer
Connection lost

Rejoining the realm…

Still unreachable

The connection could not be restored.

Session expired

The server has moved on; the page needs a fresh start.